 Dungeon Crawl Stone Soup version 0.25-a0-292-gaa31f046c4 (webtiles) character file.

Game seed: 9631742714879544342, levelgen mode: deterministic

301 Lanoc the Digger (level 6, -2/48 HPs)
             Began as a Centaur Earth Elementalist on Dec 15, 2019.
             Was a Follower of Fedhas.
             Slain by a worker ant (8 damage)
             ... on level 4 of the Dungeon.
             The game lasted 00:06:18 (3283 turns).

Lanoc the Digger (Centaur Earth Elementalist)       Turns: 3283, Time: 00:06:19

Health: -2/48      AC:  5    Str: 10    XL:     6   Next: 14%
Magic:  8/8        EV: 10    Int: 23    God:    Fedhas [*.....]
Gold:   208        SH:  0    Dex: 11    Spells: 5/8 levels left

rFire    . . .     SeeInvis .   a - +3 quarterstaff (chaos)
rCold    . . .     Gourm    .   (shield currently unavailable)
rNeg     . . .     Faith    .   c - +0 robe
rPois    .         Spirit   .   (no helmet)
rElec    .         Reflect  .   p - +0 cloak
rCorr    .         Harm     .   (no gloves)
MR       +....                  (no barding)
Stlth    +.........             (no amulet)
HPRegen  0.16/turn              w - ring of protection from magic
MPRegen  0.11/turn              u - +3 ring of intelligence

@: brilliant, lethally poisoned (-2 -> -8), very quick
A: large, hooves 3, deformed body, speed 2, tough skin 3
a: Renounce Religion


You were on level 4 of the Dungeon.
You worshipped Fedhas.
Fedhas was aware of your devotion.
You were not hungry.

You visited 1 branch of the dungeon, and saw 4 of its levels.

You collected 208 gold pieces.

Inventory:

Hand Weapons
 a - a +3 quarterstaff of chaos (weapon)
Missiles
 b - 59 stones (quivered)
 m - 40 arrows
Armour
 c - a +0 robe (worn)
 p - a +0 cloak (worn)
Jewellery
 r - an uncursed ring of flight
 u - a +3 ring of intelligence (right hand)
 w - a ring of protection from magic (left hand)
Scrolls
 e - a scroll of teleportation {unknown}
 f - a scroll of immolation {unknown}
 g - 2 scrolls of identify {unknown}
 i - a scroll of noise {unknown}
 q - a scroll of remove curse {unknown}
 s - a scroll of enchant armour {unknown}
 t - a scroll of blinking {unknown}
Potions
 h - a potion of agility {unknown}
 j - a potion of lignification {unknown}
 k - a potion of brilliance
 l - a potion of might {unknown}
 n - 2 potions of degeneration {unknown}
 o - a potion of mutation {unknown}
 v - a potion of cancellation {unknown}
Comestibles
 d - 7 rations


   Skills:
 + Level 2.0 Fighting
 + Level 2.9 Dodging
 - Level 1.1 Stealth
 - Level 1.5 Spellcasting
 - Level 0.8 Transmutations
 - Level 5.0 Earth Magic


You had 5 spell levels left.
You knew the following spells:

 Your Spells              Type           Power        Failure   Level  Hunger
a - Sandblast             Erth           #####.       1%          1    #......
b - Passwall              Tmut/Erth      ####....     1%          2    ###....

Your spell library contained the following spells:

 Spells                   Type           Power        Failure   Level  Hunger
 Stone Arrow              Conj/Erth      ####..       1%          3    ###....
 Petrify                  Tmut/Erth      ####....     4%          4    #####..
 Lee's Rapid Deconstruct  Erth           #####.....   5%          5    ######.


Dungeon Overview and Level Annotations

Branches:
Dungeon (4/15)
 Temple: D:4-7

Altars:
Fedhas
Trog
Zin


Innate Abilities, Weirdness & Mutations

You have hooves in place of feet.
Armour fits poorly on your strangely shaped body.
You cover ground very quickly.
You have extremely tough skin. (AC +3)


Message History

Fedhas accepts your kill.
You hit the orc.
Space warps horribly around the orc!!
You kill the orc!
Fedhas accepts your kill. The worker ant bites you.
You thump the worker ant! You freeze the worker ant.
The worker ant is almost dead.
The worker ant barely misses you.
You hit the worker ant.
The worker ant seems to grow stronger.
The worker ant is almost dead.
The worker ant bites you. The worker ant bites you!
* * * LOW HITPOINT WARNING * * *
You are lethally poisoned!
The worker ant poisons you!
It was a potion of brilliance.
You feel clever all of a sudden.
* * * LOW HITPOINT WARNING * * *
You feel sick. The worker ant bites you!
You die...
Fedhas appreciates your contribution to the ecosystem.

...........###.#####.#
###<............[.##.##
#.##########.##.##.#. ..
#.##.##.## # #.##.##.##
##### #.##.#.... .#.
#... #.##.#..##
.....####.# #.#.#....##
.....oa@..# #........#
..#..####.###.#.#.†..###
# .#..........##.#.##.
#.........######......
#...........# ##.#.#.
.>...###.##.#####.##..
##### #....>.........
####.#####.####
#.......#


You could see a worker ant and an orc.

Vanquished Creatures
  A black bear (D:3)
  Crazy Yiuf (D:2)
  2 orc wizards (D:4)
  4 adders
  An adder skeleton (D:4)
  2 worms (D:2)
  2 dart slugs
  3 leopard geckos
  5 orcs
  11 bats
  3 giant cockroaches
  7 goblins
  2 hobgoblins
  12 jackals
  8 kobolds
  2 quokkas (D:4)
  6 frilled lizards
  4 rats
76 creatures vanquished.

Vanquished Creatures (others)
  A wizard (D:3)
1 creature vanquished.

Grand Total: 77 creatures vanquished

Notes
Turn   | Place    | Note
-------+----------+-------------------------------------------
     0 | D:1      | Lanoc the Centaur Earth Elementalist began the quest for
                  | the Orb.
     0 | D:1      | Reached XP level 1. HP: 14/14 MP: 3/3
    80 | D:1      | Reached skill level 3 in Earth Magic
   423 | D:1      | Reached XP level 2. HP: 20/20 MP: 1/4
   876 | D:1      | Reached XP level 3. HP: 26/26 MP: 3/5
   941 | D:1      | Learned a level 2 spell: Passwall
  1370 | D:2      | Reached skill level 4 in Earth Magic
  1370 | D:2      | Reached XP level 4. HP: 32/33 MP: 0/6
  1665 | D:2      | Found a blossoming altar of Fedhas.
  1674 | D:2      | Became a worshipper of Fedhas Madash
  1765 | D:2      | Found a runed translucent door.
  1766 | D:2      | Noticed Crazy Yiuf
  2038 | D:2      | Killed Crazy Yiuf
  2478 | D:3      | Noticed a black bear
  2488 | D:3      | Killed a black bear
  2488 | D:3      | Reached skill level 1 in Fighting
  2488 | D:3      | Reached XP level 5. HP: 33/40 MP: 0/7
  2752 | D:3      | Found a bloodstained altar of Trog.
  2753 | D:3      | Noticed a wizard
  2760 | D:3      | Killed a wizard
  3078 | D:3      | Found a glowing silver altar of Zin.
  3209 | D:4      | Reached skill level 5 in Earth Magic
  3266 | D:4      | Reached * piety under Fedhas
  3266 | D:4      | Reached XP level 6. HP: 36/48 MP: 8/8
  3283 | D:4      | Slain by a worker ant

Levels and vault maps discovered:
D:1:      dpeg_arrival_rhombus, layout_rooms
D:2:      layout_loops_ring, fedhas_altar_fruit_tree, uniq_crazy_yiuf_cottage
D:3:      layout_loops_ring, nicolae_overflow_hidden_temple, trog_wizard
D:4:      layout_loops_ring, nemelex_xobeh_ov_fountains_minmay

Skill      XL: |  1  2  3  4  5  6 |
---------------+-------------------+-----
Earth Magic    | 3 4 5 |  5.0
Dodging        | 2 |  2.9
Fighting       | 1 2 |  2.0
Stealth        | |  1.1
Spellcasting   | |  1.5
Transmutations | |  0.8

Action                   |  1- 3 |  4- 6 || total
-------------------------+-------+-------++-------
Melee: Unarmed           |    76 |     9 ||    85
       Kick              |     8 |    10 ||    18
       Quarterstaff      |       |    72 ||    72
 Cast: Sandblast         |    45 |    19 ||    64
  Use: Potion            |     1 |     1 ||     2
  Eat: Chunk             |     2 |     5 ||     7
Armor: Robe              |    43 |    25 ||    68
Dodge: Dodged            |    54 |    41 ||    95

Table legend:
 A = Non-vault XP
 B = Vault XP
 C = Vault XP percentage of total XP
 D = Non-vault monster count
 E = Vault monster count
 F = Vault count percentage of total count
                 A         B        C        D         E       F
            +---------+---------+-------+---------+---------+-------
      Total |     387 |      44 |  10.2 |      75 |       1 |   1.3
            +---------+---------+-------+---------+---------+-------
        D:1 |      53 |       0 |   0.0 |      29 |       0 |   0.0
        D:2 |      58 |      44 |  43.1 |      18 |       1 |   5.3
        D:3 |     177 |       0 |   0.0 |      18 |       0 |   0.0
        D:4 |      99 |       0 |   0.0 |      10 |       0 |   0.0
            +---------+---------+-------+---------+---------+-------
